 Dungeon Crawl Stone Soup version 0.30.1-9-gdf580d7c3d (webtiles) character file.

Game seed: 5933628113798312749

119 adriano the Shooter (level 5, -4/33 (38) HPs)
             Began as a Human Hunter on Oct 23, 2023.
             Slain by a gnoll
             ... wielding a +0 halberd
              (6 damage)
             ... on level 4 of the Dungeon.
             The game lasted 00:24:54 (2229 turns).

adriano the Shooter (Human Hunter)                  Turns: 2229, Time: 00:24:58

HP:   -4/33 (38)    AC:  6    Str: 12    XL:     5   Next: 23%
MP:   5/5           EV:  9    Int:  9    God:
Gold: 141           SH:  0    Dex: 18    Spells: 4/4 levels left

rFire   . . .        a - +0 shortbow
rCold   . . .        (shield currently unavailable)
rNeg    . . .        g - +0 scale mail
rPois   .            (no helmet)
rElec   .            (no cloak)
rCorr   .            (no gloves)
SInv    .            (no boots)
Will    .....        i - amulet of Sagi {Acrobat Regen+ Stlth+}
Stlth   ++           (no ring)
HPRegen 1.05/turn    (no ring)
MPRegen 0.09/turn

%: acrobat
@: heavily drained
A: no striking features
a: no special abilities


You were on level 4 of the Dungeon.
You visited 1 branch of the dungeon, and saw 5 of its levels.

You collected 141 gold pieces.

Inventory:

Hand Weapons
 a - a +0 shortbow (weapon)
 j - a +0 sling
 B - a +0 short sword of draining
Armour
 c - a +0 leather armour
 g - a +0 scale mail (worn)
 s - a +0 leather armour
 t - a +0 plate armour
 y - a +0 chain mail
Jewellery
 i - the amulet of Sagi (around neck) {Acrobat Regen+ Stlth+}
   (You found it on level 2 of the Dungeon)

   [amulet of the acrobat]

   It increases your evasion while moving and waiting.
   Regen:     It increases your rate of health regeneration.
   Stlth:     It makes you more stealthy.
 z - a ring of wizardry
Wands
 p - a wand of polymorph (2)
Scrolls
 b - 2 scrolls of immolation
 f - 2 scrolls of enchant weapon {unknown}
 h - 2 scrolls of butterflies {unknown}
 k - a scroll of noise {unknown}
 l - 5 scrolls of identify {unknown}
 m - 2 scrolls of fear {unknown}
 o - 2 scrolls of blinking {unknown}
 x - a scroll of fog {unknown}
 A - a scroll of poison {unknown}
Potions
 d - 2 potions of brilliance {unknown}
 e - 2 potions of lignification {unknown}
 n - a potion of haste {unknown}
 q - a potion of might {unknown}
 r - a potion of berserk rage {unknown}
 u - a potion of heal wounds {unknown}
 v - 2 potions of degeneration {unknown}
 w - a potion of flight {unknown}


   Skills:
 + Level 2.3 Fighting
 + Level 5.8 Ranged Weapons
 + Level 0.6 Armour
 + Level 2.0 Dodging
 + Level 1.2 Stealth


You had 4 spell levels left.
You didn't know any spells.
Your spell library was empty.

Dungeon Overview and Level Annotations

Branches:
Dungeon (5/15)
 Temple: D:4-7

Altars:
Xom
Zin


Message History

The endoplasm is heavily wounded.
The endoplasm freezes you.
You are frozen.
Fire: a) +0 shortbow
Press: ? - help, Q - select action, (/) - cycle Shift-Dir - straight line, f/p - endoplasm
Aim: an endoplasm (heavily wounded, 87% to hit)
You shoot an arrow. The arrow hits the endoplasm!
You kill the endoplasm!
HP restored.
A black bear comes into view.
There is a stone staircase leading up here.
You can't go down here!
There is a stone staircase leading up here.
You climb upwards.
The gnoll hits you with a +2 flail of draining!
You feel drained.
There is a stone staircase leading down, spattered with blood here.
Fire: a) +0 shortbow
Press: ? - help, Q - select action, (/) - cycle Shift-Dir - straight line, f - gnoll
Aim: a gnoll, wielding a +2 flail of draining (68% to hit)
You shoot an arrow. The arrow hits the gnoll.
The gnoll is moderately wounded.
The gnoll completely misses you. The gnoll closely misses you.
The iguana bites you!
The gnoll hits you with a +2 flail of draining.
You feel drained.
Fire: a) +0 shortbow
Press: ? - help, Q - select action, (/) - cycle Shift-Dir - straight line, f/p - gnoll
Aim: a gnoll, wielding a +2 flail of draining (moderately wounded, 68% to hit)
You shoot an arrow. The arrow barely misses the gnoll.
The gnoll hits you with a +2 flail of draining.
You feel drained. The gnoll barely misses you. The iguana bites you!
* * * LOW HITPOINT WARNING * * *
The gnoll hits you with a +2 flail of draining.
* * * LOW HITPOINT WARNING * * *
You feel drained.
* * * LOW HITPOINT WARNING * * *
The iguana barely misses you.
The gnoll hits you from afar with a +0 halberd.
You die...

.... ##!............
....##.............
.................# #
........../....##.# #.
#...#..............
#..#####.##..(......).#
#....#..##.......g#......
#.....##..)..l..# ##..#
#...##....g@..# #
#..).#..###.## .
#.#....## #..#..
...#...#####....
....##.#....##.##.#
#....###.##......# ..#
#....#...#..#.#### .#
#..........##.# . #...
#.....##.### #.


You could see an iguana and 2 gnolls.

Vanquished Creatures
  Terence (D:2)
  2 gnolls (D:4)
  2 adders
  A worm (D:3)
  3 dart slugs
  A bat (D:2)
  6 endoplasms
  A giant cockroach (D:2)
  6 goblins
  2 hobgoblins
  4 jackals
  A quokka (D:4)
  6 ball pythons
  4 frilled lizards
  4 kobolds
  4 rats
  A spectral goblin (D:2)
49 creatures vanquished.

Notes
Turn   | Place    | Note
-------+----------+-------------------------------------------
     0 | D:1      | adriano the Human Hunter began the quest for the Orb.
     0 | D:1      | Reached XP level 1. HP: 16/16 MP: 1/1
   157 | D:1      | Reached XP level 2. HP: 22/22 MP: 2/2
   373 | D:2      | Identified the amulet of Sagi {Acrobat Regen+ Stlth+}
   482 | D:2      | Reached XP level 3. HP: 27/27 MP: 3/3
   737 | D:2      | Found a faded altar of an unknown god.
   748 | D:2      | Noticed Terence
   761 | D:2      | Killed Terence
   762 | D:2      | Reached skill level 5 in Ranged Weapons
   762 | D:2      | Reached XP level 4. HP: 33/33 MP: 4/4
  1129 | D:3      | Noticed an angel
  1130 | D:3      | Found a shimmering altar of Xom.
  1130 | D:3      | Found a glowing silver altar of Zin.
  2154 | D:4      | Reached XP level 5. HP: 33/38 MP: 5/5
  2199 | D:5      | Entered Level 5 of the Dungeon
  2220 | D:5      | Noticed a black bear
  2229 | D:4      | Slain by a gnoll

Illustrated notes

Levels and vault maps discovered:
D:1:      ncdulo_wetmaze, layout_loops_cross, hex_medium
D:2:      minmay_chambers_of_ones, layout_loops_ring,
          dreamdust_ecumenical_altar_drowned_temple, uniq_terence
D:3:      layout_basic, grunt_temple_overflow_order_and_chaos_1
D:4:      layout_rooms, kennysheep_minor_cross
D:5:      layout_basic, nicolae_goblin_pals

Skill      XL: |  1  2  3 |
---------------+----------+-----
Ranged Weapons | 5 |  5.8
Fighting       | |  2.3
Armour         | |  0.6
Dodging        | |  2.0
Stealth        | |  1.2

Action                     |  1- 3 |  4- 6 || total
---------------------------+-------+-------++-------
   Fire: Shortbow          |    67 |    64 ||   131
 Armour: Leather armour    |     1 |       ||     1
         Scale mail        |    11 |    15 ||    26
  Dodge: Dodged            |    16 |    30 ||    46
